 Dungeon Crawl Stone Soup version 0.30-a0-728-gc68057be0a (webtiles) character file.

Game seed: 4825195968301692221

190 Rrauwl the Trooper (level 5, -2/47 HPs)
             Began as a Hill Orc Fighter on Jan 31, 2023.
             Slain by a steam dragon (5 damage)
             ... on level 4 of the Dungeon.
             The game lasted 00:05:57 (3055 turns).

Rrauwl the Trooper (Hill Orc Fighter)               Turns: 3055, Time: 00:05:58

Health: -2/47      AC:  9    Str: 21    XL:     5   Next: 69%
Magic:  5/5        EV:  9    Int:  8    God:
Gold:   208        SH:  4    Dex: 10    Spells: 4/4 levels left

rFire   . . .      SeeInvis .    a - +1 war axe
rCold   . . .      Faith    .    c - +0 buckler
rNeg    . . .      Spirit   .    b - +0 scale mail
rPois   .          Reflect  .    k - +1 hat
rElec   .          Harm     .    i - +0 cloak
rCorr   .          Rampage  .    (no gloves)
Will    .....                    (no boots) Stlth
                                 (no amulet)
HPRegen 0.27/turn                (no ring)
MPRegen 0.09/turn                (no ring)

@: no status effects
A: no striking features
a: no special abilities


You were on level 4 of the Dungeon.
You visited 1 branch of the dungeon, and saw 4 of its levels.

You collected 208 gold pieces.

Inventory:

Hand Weapons
 a - a +1 war axe (weapon)
Missiles
 h - 2 poisoned darts (quivered)
Armour
 b - a +0 scale mail (worn)
 c - a +0 buckler (worn)
 i - a +0 cloak (worn)
 k - a +1 hat (worn)
Scrolls
 f - 3 scrolls of enchant weapon
 g - a scroll of fog
Potions
 e - a potion of resistance


   Skills:
 + Level 4.7 Fighting
 + Level 4.3 Axes
 + Level 4.2 Armour
 - Level 1.0 Dodging
 + Level 4.3 Shields


You had 4 spell levels left.
You didn't know any spells.
Your spell library was empty.

Dungeon Overview and Level Annotations

Branches:
Dungeon (4/15)
 Temple: D:4-7

Altars:


Message History

The steam dragon is moderately wounded.
The steam dragon breathes steam at you. The ball of steam hits you!!
* * * LOW HITPOINT WARNING * * *
You feel much better. The steam dragon bites you!
The steam dragon closely misses you.
You barely miss the steam dragon.
The steam dragon is lightly wounded.
The steam dragon bites you.
* * * LOW HITPOINT WARNING * * *
The steam dragon claws you.
* * * LOW HITPOINT WARNING * * *
You block the steam dragon's attack.
The steam dragon claws you but does no damage.
You slash the steam dragon!
The steam dragon is heavily wounded.
The steam dragon breathes steam at you. The ball of steam hits you.
* * * LOW HITPOINT WARNING * * *
The steam dragon barely misses you. You block the steam dragon's attack.
You barely miss the steam dragon.
The steam dragon is heavily wounded.
The steam dragon bites you but does no damage.
The steam dragon claws you but does no damage.
The steam dragon completely misses you. The steam dragon barely misses you.
You hit the steam dragon but do no damage.
The steam dragon is heavily wounded.
The steam dragon closely misses you. The steam dragon claws you.
* * * LOW HITPOINT WARNING * * *
You slash the steam dragon!
The steam dragon is severely wounded.
You block the steam dragon's attack. The steam dragon claws you.
* * * LOW HITPOINT WARNING * * *
You hit the steam dragon.
The steam dragon is almost dead.
The steam dragon breathes steam at you. The ball of steam hits you.
* * * LOW HITPOINT WARNING * * *
The steam dragon bites you.
You die...

#.# #.# #.# ##### #.#
##...## #.# #
##.....###.# .#
###.......##.###.###..
........>.....D.......
#.......##.@........
##.....#######(##### #
#....## .# # #.#†## #
# #.#.# # #>#.#
#######.#.#
..........#
#######..##


You could see a steam dragon (catching breath).

Vanquished Creatures
  An orc priest (D:4)
  Jessica (D:3)
  6 adders
  An ufetubus (D:4)
  A worm (D:3)
  2 dart slugs
  6 orcs (D:4)
  5 endoplasms
  4 goblins
  6 hobgoblins
  4 jackals (D:1)
  4 kobolds
  4 quokkas
  6 ball pythons
  5 bats
  4 frilled lizards
  5 rats
65 creatures vanquished.

Notes
Turn   | Place    | Note
-------+----------+-------------------------------------------
     0 | D:1      | Rrauwl the Hill Orc Fighter began the quest for the Orb.
     0 | D:1      | Reached XP level 1. HP: 19/19 MP: 1/1
   205 | D:1      | Reached XP level 2. HP: 27/27 MP: 2/2
   948 | D:2      | Reached XP level 3. HP: 33/33 MP: 3/3
  1307 | D:2      | Reached skill level 1 in Dodging
  1356 | D:2      | Reached XP level 4. HP: 38/40 MP: 4/4
  1886 | D:3      | Noticed Jessica
  1889 | D:3      | Killed Jessica
  1980 | D:3      | Reached XP level 5. HP: 45/47 MP: 5/5
  3040 | D:4      | Noticed a steam dragon
  3055 | D:4      | Slain by a steam dragon

Illustrated notes

Levels and vault maps discovered:
D:1:      lightli_iron_boxes, layout_basic, chequers_serial_rivers_micro_d
D:2:      layout_loops_corners, skrybe_limestone_x, minmay_misc_feat_doors,
          minivault_27, minmay_misc_feat_tower
D:3:      layout_basic, chequers_serial_rivers_micro_b, uniq_jessica
D:4:      layout_loops_ring

Skill      XL: |  1  2  3  4  5 |
---------------+----------------+-----
Axes           | 3 4 |  4.3
Fighting       | 4 |  4.7
Dodging        | 1 |  1.0
Armour         | 4 |  4.2
Shields        | 4 |  4.3

Action                     |  1- 3 |  4- 6 || total
---------------------------+-------+-------++-------
  Melee: War axe           |    72 |    96 ||   168
  Throw: Dart              |       |     1 ||     1
    Use: Potion            |     3 |     4 ||     7
         Scroll            |     2 |     3 ||     5
 Armour: Scale mail        |    24 |    36 ||    60
  Dodge: Dodged            |    32 |    45 ||    77
  Block: Buckler           |    10 |    25 ||    35

Table legend: (Time is in decaauts)
 A = Elapsed time spent in this place.
 B = Non-inter-level travel time spent in this place.
 C = Inter-level travel time spent in this place.
 D = Time resting spent in this place.
 E = Time spent auto-exploring this place.
 F = Levels seen in this place.
 G = Mean time per level.
                   A        B        C        D        E       F      G
               +--------+--------+--------+--------+--------+-----+--------+
         Total |   3116 |   3045 |     71 |     26 |   2554 |   4 |  779.0 |
       Dungeon |   3116 |   3045 |     71 |     26 |   2554 |   4 |  779.0 |
               +--------+--------+--------+--------+--------+-----+--------+

Top non-repeatable levels by time:
     D:2: 1002 daAuts
     D:1: 876 daAuts
     D:3: 831 daAuts
     D:4: 405 daAuts
